Map: Ultralove

Players

ManlyManMeat - Winner!

  • Race: Zerg Zerg
  • League: Diamond
  • Spawn Location: 1:00

TemplarSeiko

  • Race: Protoss Protoss
  • League: Diamond
  • Spawn Location: 7:00

VOD

Have the link to the VOD?

Description

Time

  • Played on: July 1, 2025, 11:11 a.m.
  • Length: 9:23
Show
View Real Time Build Order
Export as new Build Order

ManlyManMeat Zerg - Winner!

Build Orders: Hatch First 

Get SALT Encoding   

  12  0:00  Drone  
  13  0:08  Drone  
  14  0:15  Extractor  
  14  0:16  Drone  
  15  0:22  Overlord  
  15  0:43  Drone  
  15  0:49  Hatchery  
  15  0:51  Drone  
  16  0:58  Drone x2  
  18  1:15  Spawning Pool  
  18  1:16  Extractor  
  16  1:21  Drone  
  16  1:22  Drone  
  18  1:26  Drone  
  19  1:38  Drone  
  20  2:01  Queen x2  
  20  2:02  Zergling x2  
  20  2:03  Zergling x2  
  20  2:05  Overlord  
  26  2:14  Drone  
  26  2:15  Drone  
  28  2:23  Metabolic Boost  
  28  2:32  Drone  
  28  2:33  Drone x2  
  31  2:44  Drone x2  
  31  2:50  Drone  
  34  3:01  Hatchery  
  34  3:03  Drone x2  
  34  3:04  Overlord  
  35  3:06  Overlord  
  35  3:16  Drone  
  36  3:21  Queen  
  36  3:24  Drone x4  
  42  3:29  Drone x3  
  45  3:35  Extractor  
  44  3:47  Zergling x6  
  47  3:54  Drone x2  
  47  3:55  Drone x3  
  52  4:08  Baneling Nest  
  51  4:13  Drone x2  
  51  4:14  Overlord x2  
  53  4:17  Zergling x2  
  54  4:27  Overlord  
  54  4:28  Overlord x2  
  54  4:32  Queen x2  
  58  4:43  Zergling x2  
  58  4:44  Zergling x8  
  63  4:48  Lair  
  63  4:52  Evolution Chamber  
  62  4:55  Drone x2  
  62  4:59  Baneling x7  
  64  5:03  Hatchery  
  63  5:18  Drone x4, Hatchery  
  63  5:19  Drone x2  
  68  5:23  Zerg Melee Weapons Level 1  
  68  5:25  Drone  
  68  5:26  Drone, Evolution Chamber  
  68  5:27  Drone  
  68  5:28  Drone x3  
  73  5:47  Spore Crawler x2  
  73  5:48  Spore Crawler  
  70  5:51  Overseer  
  70  5:57  Hydralisk Den  
  70  6:00  Drone, Extractor  
  70  6:01  Drone x3  
  70  6:02  Drone x2, Extractor  
  73  6:07  Centrifugal Hooks  
  73  6:10  Drone x3  
  76  6:13  Extractor  
  76  6:15  Zergling x2  
  76  6:16  Zergling x6  
  79  6:25  Zerg Missile Weapons Level 1  
  79  6:30  Grooved Spines  
  79  6:31  Drone x3  
  82  6:49  Hydralisk x2  
  82  6:50  Hydralisk  
  82  6:51  Zergling x12  
  94  6:58  Extractor  
  93  7:08  Drone, Overlord x3  
  94  7:09  Overlord x4  
  94  7:18  Zerg Ground Armor Level 1  
  94  7:30  Drone x2  
  94  7:31  Drone x5  
  94  7:33  Hydralisk x5  
  111  7:37  Hydralisk x5  
  111  7:43  Extractor  
  120  7:47  Hydralisk x3  
  120  7:49  Zergling x4  
  128  7:52  Muscular Augments  
  128  7:58  Drone x2  
  128  7:59  Drone  
  131  8:09  Hydralisk x5  
  131  8:10  Zergling x18  
  131  8:11  Overlord  
  150  8:20  Overseer  
  150  8:34  Hydralisk x3  
  154  8:54  Zergling x36  
  154  8:55  Zergling x2  
  143  9:04  Zergling x26  
Show
View Real Time Build Order
Export as new Build Order

TemplarSeiko Protoss 

Build Orders: 1 Gate Expand, Archon Immortal 

Get SALT Encoding   

  1  0:00  Probe  
  12  0:05  Probe  
  14  0:15  Probe  
  15  0:25  Pylon  
  15  0:54  Gateway  
  15  1:10  Assimilator  
  15  1:17  Nexus  
  15  1:25  Assimilator  
  16  1:32  Probe  
  16  1:41  Zealot  
  16  1:45  Cybernetics Core, Probe  
  19  2:02  Gateway  
  19  2:12  Probe  
  20  2:24  Probe, Stalker  
  20  2:29  Pylon  
  21  2:33  Assimilator  
  21  2:36  Probe x2  
  24  2:41  Warp Gate  
  25  2:44  Probe  
  26  2:53  Probe  
  26  2:56  Assimilator  
  27  3:03  Adept  
  27  3:05  Probe  
  30  3:13  Probe  
  30  3:17  Probe  
  32  3:25  Probe  
  33  3:29  Probe, Adept  
  33  3:33  Adept  
  38  3:37  Probe  
  38  3:41  Probe  
  40  3:43  Twilight Council  
  40  3:50  Stargate  
  40  3:56  Pylon  
  40  4:00  Probe  
  40  4:01  Probe  
  42  4:14  Probe x2  
  44  4:26  Probe x2  
  46  4:33  Phoenix  
  48  4:39  Robotics Facility  
  48  4:42  Robotics Facility  
  48  4:49  Assimilator  
  48  4:50  Probe  
  48  4:51  Probe  
  50  4:59  Pylon  
  50  5:03  Probe x2  
  52  5:15  Probe  
  52  5:16  Resonating Glaives  
  52  5:17  Probe  
  54  5:22  Forge  
  54  5:27  Probe  
  55  5:29  Probe  
  55  5:32  Immortal  
  60  5:35  Pylon  
  60  5:45  Pylon  
  60  5:46  Observer  
  60  5:49  Protoss Ground Weapons Level 1  
  61  6:04  Immortal  
  61  6:06  Gateway x2  
  61  6:08  Gateway  
  65  6:12  Gateway  
  65  6:13  Gateway  
  65  6:16  Gateway  
  65  6:31  Stalker x2  
  69  6:46  Immortal x2  
  69  6:56  Charge  
  77  7:09  Pylon  
  77  7:11  Pylon  
  77  7:13  Pylon  
  77  7:17  Pylon  
  77  7:32  Gateway  
  77  7:38  Warp Prism  
  79  7:46  Templar Archives  
  79  7:51  Stalker  
  81  8:04  Nexus  
  81  8:07  Pylon  
  81  8:11  Pylon  
  81  8:15  Assimilator  
  81  8:18  Robotics Bay  
  81  8:31  High Templar  
  81  8:32  High Templar x3  
  89  8:37  Archon x2  
  89  8:41  Shield Battery  
  89  8:44  Shield Battery  
  89  8:47  Photon Cannon  
  87  8:49  Photon Cannon  
  87  8:50  Photon Cannon  
  87  8:55  Stalker  
  74  8:56  Stalker x3  
  43  9:13  High Templar x4  
Tags
 
Add a new tag
Caveats
  • Supply blocks, unpowered buildings, or Contaminate may cause inaccurate times.
  • Supply counts are checked every 10 seconds.